 Dungeon Crawl Stone Soup version 0.31.0-9-g3a7656b989 (webtiles) character file.

Game seed: 10403579332087933860

324 qw the Skirmisher (level 6, 0/35 HPs)
             Began as a Deep Elf Hunter on Feb 3, 2024.
             Slain by an orc
             ... wielding a +0 hand axe
              (4 damage)
             ... on level 4 of the Dungeon.
             The game lasted 00:00:13 (2128 turns).

qw the Skirmisher (Deep Elf Hunter)                 Turns: 2128, Time: 00:00:13

Health: 0/35       AC:  9    Str: 10    XL:     6   Next: 23%
Magic:  8/8        EV: 11    Int: 14    God:
Gold:   182        SH:  0    Dex: 18    Spells: 5/5 levels left

rFire   . . .        a - +0 shortbow
rCold   . . .        (shield currently unavailable)
rNeg    . . .        d - +1 ring mail
rPois   .            (no helmet)
rElec   .            h - +2 cloak
rCorr   .            (no gloves)
SInv    .            (no boots)
Will    .....        (no amulet)
Stlth   +            (no ring)
HPRegen 0.25/turn    (no ring)
MPRegen 0.11/turn

%: no passive effects
@: no status effects
A: no striking features
a: no special abilities


You were on level 4 of the Dungeon.
You visited 1 branch of the dungeon, and saw 4 of its levels.

You collected 182 gold pieces.


   Skills:
 - Level 2.2 Fighting
 + Level 9.6 Ranged Weapons
 - Level 2.4 Dodging
 - Level 1.2 Stealth


You had 5 spell levels left.
You didn't know any spells.
Your spell library was empty.

Inventory:

Hand Weapons
 a - a +0 shortbow (weapon)
Armour
 d - a +1 ring mail (worn)
 h - a +2 cloak (worn)
Wands
 g - a wand of paralysis (8)
Scrolls
 b - a scroll of revelation {unknown}
Potions
 c - a potion of might
 e - a potion of invisibility {unknown}

Dungeon Overview and Level Annotations

Branches:
Dungeon (4/15)
 Temple: D:4-7

Altars:

Shops:
D:2 =


Message History

You shoot an arrow.
The arrow hits the jackal but does no damage.
The jackal bites you but does no damage.
The jackal bites you.
An orc comes into view. It is wielding a +0 hand axe.
You shoot an arrow. The arrow barely misses the jackal.
The jackal barely misses you.
You shoot an arrow.
The arrow hits the jackal but does no damage.
The jackal bites you but does no damage.
The orc priest calls down the wrath of Beogh upon you.
Beogh smites you!
The jackal bites you but does no damage.
You shoot an arrow.
The arrow hits the jackal but does no damage.
The jackal closely misses you.
You shoot an arrow. The arrow closely misses the jackal.
The jackal bites you but does no damage.
The jackal closely misses you.
You shoot an arrow. The arrow hits the jackal.
The jackal is heavily wounded.
The jackal bites you.
You shoot an arrow. The arrow hits the jackal.
You kill the jackal!
The orc throws a stone.
The stone closely misses you.
You shoot an arrow. The arrow hits the orc.
The orc is severely wounded.
You shoot an arrow. The arrow barely misses the orc.
The orc barely misses you.
You shoot an arrow. The arrow barely misses the orc.
The orc barely misses you. x2
You shoot an arrow. The arrow barely misses the orc.
The orc priest calls upon Beogh to heal the orc.
The orc's wounds heal themselves!
The orc hits you with a +0 hand axe. x2
You shoot an arrow. The arrow hits the orc!
You kill the orc!
The orc hits you with a +0 hand axe.
You shoot an arrow. The arrow closely misses the orc.
The orc hits you with a +0 hand axe.
You die...

#.... . #.... ..
#.... #.. #....
.. #....
.###)#### #....
....)%$o###
#.... #@..####
#.... ###..[.#
###....
####.#####......
#.......#.#..
###...#.#.#..
###......#..
#.....>#....
#.###.##.#..
#.....####..


You could see an orc.

Vanquished Creatures
  A water moccasin (D:3)
  A jelly (D:4)
  An orc priest (D:3)
  Ijyb (D:3)
  Terence (D:3)
  An adder (D:2)
  A ribbon worm (D:2)
  5 dart slugs
  7 orcs
  9 bats
  5 endoplasms
  3 giant cockroaches
  7 goblins
  9 hobgoblins
  5 jackals
  5 kobolds
  A quokka (D:2)
  4 ball pythons
  8 frilled lizards
  11 rats
86 creatures vanquished.

Notes
Turn   | Place    | Note
-------+----------+-------------------------------------------
     0 | D:1      | qw the Deep Elf Hunter began the quest for the Orb.
     0 | D:1      | Reached XP level 1. HP: 12/12 MP: 3/3
     0 | D:1      | 0 ||| qw: Version: 0.3-a-155-g5e7d8dd
     0 | D:1      | 0 ||| qw: Game counter: 3025
     0 | D:1      | 0 ||| qw: Melee chars always use a shield: true
     0 | D:1      | 0 ||| qw: God list: Okawaru
     0 | D:1      | 0 ||| qw: Allow faded altars: false
     0 | D:1      | 0 ||| qw: Do Orc after clearing Dungeon:15 true
     0 | D:1      | 0 ||| qw: Do second Lair branch before Depths: true
     0 | D:1      | 0 ||| qw: Lair rune preference: random
     0 | D:1      | 0 ||| qw: Goals: Normal
     0 | D:1      | 0 ||| PLANNING D:1-11
   112 | D:1      | Reached skill level 6 in Ranged Weapons
   112 | D:1      | Reached XP level 2. HP: 16/16 MP: 4/4
   683 | D:1      | 683 ||| UPGRADING to +0 ring mail.
   693 | D:1      | 693 ||| DROPPING +0 leather armour.
   694 | D:1      | 694 ||| READING scroll labelled QOGEOF NYHI.
   694 | D:1      | 694 ||| ENCHANTING +0 ring mail.
   695 | D:1      | 695 ||| READING scroll labelled TAICIE MORRU.
   696 | D:1      | 696 ||| READING scroll labelled QYLUUD HEKU.
   697 | D:1      | 697 ||| READING scroll labelled YZAX GEMPES.
   698 | D:1      | 698 ||| DRINKING 2 metallic coppery potions.
   699 | D:1      | 699 ||| DROPPING scroll of butterflies.
   700 | D:1      | 700 ||| DROPPING potion of brilliance.
   716 | D:2      | 716 ||| STAIRDANCE
   723 | D:2      | Reached XP level 3. HP: 20/20 MP: 5/5
   814 | D:2      | Reached skill level 7 in Ranged Weapons
   910 | D:2      | Found Elasoj's Jewellery Boutique.
   919 | D:2      | 919 ||| SHOPLISTING +4 ring of slaying (780 gold, have 52).
   919 | D:2      | 919 ||| SHOPLISTING +6 ring of dexterity (360 gold, have
                  | 52).
   919 | D:2      | 919 ||| SHOPLISTING amulet of reflection (300 gold, have
                  | 52).
   919 | D:2      | 919 ||| SHOPLISTING ring "Kuomit" {Fire Str+3 Stlth+} (411
                  | gold, have 52).
   919 | D:2      | 919 ||| SHOPLISTING ring of Qokhiel {Fire Str+3} (383 gold,
                  | have 52).
   919 | D:2      | 919 ||| SHOPLISTING ring of protection from fire (250 gold,
                  | have 52).
   919 | D:2      | 919 ||| SHOPLISTING ring of willpower (250 gold, have 52).
   964 | D:2      | Reached XP level 4. HP: 25/25 MP: 6/6
  1436 | D:2      | 1436 ||| READING scroll labelled VOSOUK QAFOO.
  1437 | D:2      | 1437 ||| DRINKING 2 fuming black potions.
  1533 | D:3      | Reached skill level 8 in Ranged Weapons
  1586 | D:3      | Noticed Ijyb
  1590 | D:3      | Noticed Terence
  1599 | D:3      | Killed Terence
  1600 | D:3      | Reached XP level 5. HP: 13/29 MP: 7/7
  1608 | D:3      | 1608 ||| FLEEEEING.
  1609 | D:3      | 1609 ||| FLEEEEING.
  1692 | D:3      | Paralysed by Ijyb for 3 turns
  1703 | D:3      | Killed Ijyb
  1802 | D:3      | Noticed a water moccasin
  1803 | D:3      | 1803 ||| ZAPPING wand of paralysis (12) at -6,0 (water
                  | moccasin; floor).
  1813 | D:3      | 1813 ||| ZAPPING wand of paralysis (11) at -4,0 (water
                  | moccasin; floor).
  1814 | D:3      | 1814 ||| ZAPPING wand of paralysis (10) at -3,0 (water
                  | moccasin; floor).
  1815 | D:3      | 1815 ||| ZAPPING wand of paralysis (9) at -1,0 (water
                  | moccasin; floor).
  1818 | D:3      | Killed a water moccasin
  1819 | D:3      | Reached skill level 9 in Ranged Weapons
  1819 | D:3      | Reached XP level 6. HP: 34/34 MP: 8/8
  1980 | D:3      | 1980 ||| UPGRADING to +2 cloak.
  1985 | D:3      | 1985 ||| READING scroll labelled ZIFFYXZAUTU.
  1989 | D:3      | 1989 ||| READING scroll labelled GIBEUBIAVE.
  2068 | D:4      | 2068 ||| STAIRDANCE
  2118 | D:4      | HP: 8/35 [orc priest/divine providence (13)]
  2126 | D:4      | HP: 6/35 [orc/+0 hand axe (2)]
  2128 | D:4      | Slain by an orc

Levels and vault maps discovered:
D:1:      minmay_arrival_glassed_features, layout_loops_ring,
          minmay_crystal_room, minmay_misc_feat_cross
D:2:      minmay_angry_zag, layout_basic, serial_shops, shop
D:3:      layout_rooms, uniq_terence, uniq_ijyb
D:4:      layout_basic

Skill      XL: |  1  2  3  4  5  6 |
---------------+-------------------+-----
Ranged Weapons | 6 7 8 9 |  9.6
Fighting       | 2 |  2.2
Dodging        | |  2.4
Stealth        | |  1.2

Action                     |  1- 3 |  4- 6 || total
---------------------------+-------+-------++-------
   Fire: Shortbow          |   135 |   142 ||   277
  Evoke: Wand              |       |     4 ||     4
    Use: Scroll            |     4 |     3 ||     7
         Potion            |     1 |     1 ||     2
 Armour: Leather armour    |    22 |       ||    22
         Ring mail         |    11 |    38 ||    49
  Dodge: Dodged            |    40 |    36 ||    76

Table legend:
 A = Non-vault XP
 B = Vault XP
 C = Vault XP percentage of total XP
 D = Non-vault monster count
 E = Vault monster count
 F = Vault count percentage of total count
                 A         B        C        D         E       F
            +---------+---------+-------+---------+---------+-------
      Total |     366 |      98 |  21.1 |      77 |       9 |  10.5
            +---------+---------+-------+---------+---------+-------
        D:1 |      40 |       0 |   0.0 |      23 |       0 |   0.0
        D:2 |      41 |      26 |  38.8 |      19 |       7 |  26.9
        D:3 |     223 |      72 |  24.4 |      26 |       2 |   7.1
        D:4 |      62 |       0 |   0.0 |       9 |       0 |   0.0
            +---------+---------+-------+---------+---------+-------
